 Dungeon Crawl Stone Soup version 0.22-a0-558-gc224181 (webtiles) character file.

2704 emperorscorpion the Poker (level 9, 0/71 HPs)
             Began as a Centaur Skald on June 27, 2018.
             Was a Believer of Ru.
             Slain by a troll (14 damage)
             ... on level 1 of the Orcish Mines.
             The game lasted 00:19:54 (2286 turns).

emperorscorpion the Poker (Centaur Skald)           Turns: 2286, Time: 00:19:54

Health: 0/71       AC: 10    Str: 16    XL:     9   Next: 39%
Magic:  3/15       EV: 10    Int: 13    God:    Ru [**....]
Gold:   211        SH:  0    Dex:  9    Spells: 13/16 levels left

rFire    . . .     SeeInvis .   a - +5 spear
rCold    . . .     Gourm    .   (no shield)
rNeg     . . .     Faith    .   e - +0 leather armour
rPois    .         Spirit   .   B - +2 hat
rElec    .         Reflect  .   (no cloak)
rCorr    .         Harm     .   f - +0 pair of gloves
MR       .....                  (no barding)
Stlth    ..........             (no amulet)
HPRegen  0.21/turn              C - +3 ring of protection
MPRegen  0.14/turn              (no ring)

@: very slightly contaminated, invisible, very quick
A: large, hooves 3, deformed body, speed 2, tough skin 3, inability to use
devices
a: Renounce Religion


You were on level 1 of the Orcish Mines.
You worshipped Ru.
Ru was pleased with you.
You were not hungry.

You visited 2 branches of the dungeon, and saw 10 of its levels.

You collected 211 gold pieces.

Inventory:

Hand Weapons
 a - a +5 spear (weapon)
 b - a +0 hunting sling
 o - a +0 spear
 u - a +0 blowgun
Missiles
 c - 25 sling bullets
 j - 164 stones (quivered)
 m - 68 arrows
 n - 11 bolts
 t - 5 poisoned needles
Armour
 e - a +0 leather armour (worn)
 f - a +0 pair of gloves (worn)
 v - a +0 helmet
 x - a +0 buckler
 y - a +0 chain mail
 B - a +2 hat (worn)
Jewellery
 C - a +3 ring of protection (left hand)
Wands
 l - a wand of iceblast (11)
Scrolls
 g - 3 scrolls of remove curse
 h - 2 scrolls of identify
 k - 2 scrolls of fear {unknown}
 p - a scroll of enchant armour {unknown}
 q - a scroll of acquirement {unknown}
 z - a scroll of enchant weapon {unknown}
 A - a scroll of amnesia
Potions
 w - a potion of brilliance
 D - a potion of degeneration {unknown}
Comestibles
 d - 10 rations
 i - 3 chunks of flesh


   Skills:
 + Level 4.2 Fighting
 + Level 5.8 Polearms
 + Level 2.5 Slings
 + Level 2.7 Armour
 + Level 2.8 Dodging
 * Level 4.3 Spellcasting
 * Level 5.5 Charms
 * Level 4.4 Necromancy


You had 13 spell levels left.
You knew the following spells:

 Your Spells              Type           Power        Failure   Level  Hunger
r - Regeneration          Chrm/Necr      ###.......   10%         3    ###....

Your spell library contained the following spells:

 Spells                   Type           Power        Failure   Level  Hunger
 Shroud of Golubria       Chrm/Tloc      #.........   12%         2    ##.....
 Infusion                 Chrm           ###.         2%          1    None
 Song of Slaying          Chrm           ###.....     3%          2    ##.....
 Spectral Weapon          Hex/Chrm       #.......     24%         3    ###....


Dungeon Overview and Level Annotations

Branches:
Dungeon (9/15)                Orc (1/2) D:9
 Temple: D:4-7         Lair: D:8-11

Altars:
Qazlal
Ru


Innate Abilities, Weirdness & Mutations

You have hooves in place of feet.
Armour fits poorly on your strangely shaped body.
You cover ground very quickly.
You have extremely tough skin. (AC +3)
You cannot study or use magical devices.


Message History

The troll is heavily wounded.
The troll bites you! The troll claws you.
The troll claws you but does no damage.
You completely miss the troll.
The troll is heavily wounded.
The troll misses you. The troll claws you. x2
* * * LOW HITPOINT WARNING * * *
It was a potion of curing.
You feel better. The troll bites you!
* * * LOW HITPOINT WARNING * * *
The troll claws you but does no damage. x2
Okay, then.
Things that are here:
a hand axe x2; an orc corpse It was a potion of invisibility.
You fade into invisibility!
You are very lightly contaminated with residual magic.
Things that are here:
a whip; a giant club; an orc skeleton The troll bites you!
You die...

##. ### #...
##.## #... #)T)#
# #...### ##@##
#.#.....## ##.##
.........###...#
#.......#.#.##
.#$#...........#
......#.[..#....#
......O<>...#..##
.#......)..##...#
..........####..#


You could see a troll.

Vanquished Creatures
  2 orc sorcerers (D:9)
  A wyvern (D:9)
  4 hogs (D:7)
  A human (D:7)
  A sky beast (D:5)
  A phantom (D:8)
  2 ice beasts
  A centaur (D:9)
  2 ogres (Orc:1)
  A scorpion (D:4)
  A crimson imp (D:7)
  A hound (D:5)
  2 orc priests (Orc:1)
  A jelly (D:4)
  2 orc wizards (D:7)
  2 iguanas (D:4)
  A worker ant (D:8)
  3 adders (D:2)
  A shadow imp (D:8)
  8 oozes
  2 adder skeletons
  A worm (D:2)
  3 dart slugs
  3 leopard geckos
  18 orcs
  4 bats
  2 giant cockroaches
  8 goblins
  7 hobgoblins
  8 jackals
  A quokka (D:2)
  11 kobolds
  A leopard gecko zombie (D:7)
  3 rats
110 creatures vanquished.

Vanquished Creatures (others)
  3 fungi (D:4)
  5 toadstools (D:4)
8 creatures vanquished.

Grand Total: 118 creatures vanquished

Notes
Turn   | Place    | Note
-------+----------+-------------------------------------------
     0 | D:1      | emperorscorpion the Centaur Skald began the quest for the Orb.
     0 | D:1      | Reached XP level 1. HP: 17/17 MP: 3/3
    77 | D:1      | Reached skill level 1 in Slings
    96 | D:1      | Reached XP level 2. HP: 24/24 MP: 4/4
   205 | D:2      | Noticed a crimson imp
   230 | D:2      | Reached XP level 3. HP: 8/29 MP: 5/5
   316 | D:3      | Found a sacrificial altar of Ru.
   322 | D:3      | Became a worshipper of Ru the Awakened
   646 | D:1      | Reached skill level 1 in Armour
   736 | D:2      | Reached XP level 4. HP: 9/37 MP: 6/6
   863 | D:4      | Learned a level 3 spell: Regeneration
   956 | D:4      | Reached XP level 5. HP: 25/42 MP: 7/7
  1057 | D:4      | Found a stormy altar of Qazlal.
  1157 | D:4      | Gained mutation: You cannot study or use magical devices. [Ru sacrifice]
  1157 | D:4      | Reached * piety under Ru
  1157 | D:4      | Reached ** piety under Ru
  1173 | D:4      | Reached skill level 1 in Necromancy
  1191 | D:5      | Entered Level 5 of the Dungeon
  1191 | D:5      | Noticed an ice beast
  1221 | D:4      | Killed an ice beast
  1221 | D:4      | Reached XP level 6. HP: 51/51 MP: 6/9
  1279 | D:5      | Noticed a sky beast
  1347 | D:5      | Killed a sky beast
  1351 | D:5      | You fall through a shaft for 2 floors!
  1369 | D:7      | Reached XP level 7. HP: 33/57 MP: 6/10
  1702 | D:7      | Noticed a human
  1703 | D:7      | Noticed a hog
  1703 | D:7      | Noticed a hog
  1703 | D:7      | Noticed a hog
  1703 | D:7      | Noticed a hog
  1713 | D:7      | Killed a hog
  1716 | D:7      | Killed a hog
  1723 | D:7      | Killed a human
  1723 | D:7      | Reached XP level 8. HP: 51/63 MP: 7/12
  1976 | D:9      | Reached skill level 5 in Polearms
  1990 | D:9      | Found a staircase to the Orcish Mines.
  2005 | Orc:1    | Entered Level 1 of the Orcish Mines
  2005 | Orc:1    | Noticed an orc sorcerer
  2005 | Orc:1    | Noticed an orc sorcerer
  2102 | D:9      | Noticed a smoke demon
  2103 | D:9      | Killed an orc sorcerer
  2103 | D:9      | Reached skill level 5 in Charms
  2103 | D:9      | Reached XP level 9. HP: 47/71 MP: 12/15
  2118 | D:9      | HP: 5/106 [orc sorcerer/bolt of fire (2)]
  2120 | D:9      | Killed an orc sorcerer
  2269 | Orc:1    | Noticed a troll
  2286 | Orc:1    | Slain by a troll

Vault maps used:
D:1:      minmay_arrival_hallway
D:2:      yredelemnul_forgotten_temple_becter, minmay_tromino_v4_c
D:3:      makhleb_heckhound_becter, nicolae_ru_awakened_eye, uniq_grinder
D:4:      cheibrodos_fertilizer, first_ration, grunt_qazlal_clouds
D:5:      kennysheep_mini_moat
D:6:      kennysheep_kobold_camp, overflow_temple_1_default,
          lemuel_temple_firewalk_b
D:7:      kennysheep_slugbush, grunt_livestock
D:8:      gammafunk_temple_overflow_wave, serial_shops, nicolae_shop_stone,
          minmay_checkerbox
D:9:      orc_0_dummy, basic_altar, uniq_joseph, uniq_erolcha
Orc:1:    ebering_ghost_rock_garden, basic_altar

Skill      XL: |  1  2  3  4  5  6  7  8  9 |
---------------+----------------------------+-----
Slings         | 1 2 |  2.5
Polearms       | 2 3 4 5 |  5.8
Armour         | 1 2 |  2.7
Dodging        | 2 |  2.8
Charms         | 3 4 5 |  5.5
Necromancy     | 1 2 3 4 |  4.4
Fighting       | 3 4 |  4.2
Spellcasting   | 2 3 4 |  4.3

Action                   |  1- 3 |  4- 6 |  7- 9 || total
-------------------------+-------+-------+-------++-------
Melee: Spear             |    81 |   112 |   174 ||   367
       Kick              |     8 |    11 |    39 ||    58
 Fire: Hunting sling     |    35 |     7 |       ||    42
Throw: Stone             |     1 |     1 |       ||     2
 Cast: Regeneration      |       |     6 |    23 ||    29
Invok: Sacrifice Artific |       |     1 |       ||     1
  Use: Potion            |     1 |     1 |     5 ||     7
       Scroll            |     2 |       |     1 ||     3
  Eat: Chunk             |       |     2 |     7 ||     9
Armor: Leather armour    |    60 |    23 |    37 ||   120
       Skin              |       |       |    13 ||    13
Dodge: Dodged            |    40 |    29 |    56 ||   125

Table legend:
 A = Spawn XP
 B = Non-spawn XP
 C = Spawn XP percentage of total XP
 D = Spawn monster count
 E = Non-spawn monster count
 F = Spawn count percentage of total count
 G = Total turns spent on level
                    A         B        C        D         E        F      G
               +---------+---------+-------+---------+---------+-------+---------
         Total |       0 |    3864 |   0.0 |       0 |     110 |   0.0 |  2286
               +---------+---------+-------+---------+---------+-------+---------
           D:1 |       0 |      28 |   0.0 |       0 |      14 |   0.0 |   255
           D:2 |       0 |      79 |   0.0 |       0 |      23 |   0.0 |   312
           D:3 |       0 |       7 |   0.0 |       0 |       4 |   0.0 |   225
           D:4 |       0 |     387 |   0.0 |       0 |      26 |   0.0 |   501
           D:5 |       0 |     184 |   0.0 |       0 |       3 |   0.0 |    58
           D:6 |       0 |      12 |   0.0 |       0 |       2 |   0.0 |    20
           D:7 |       0 |    1090 |   0.0 |       0 |      17 |   0.0 |   418
           D:8 |       0 |     314 |   0.0 |       0 |       6 |   0.0 |    90
           D:9 |       0 |    1442 |   0.0 |       0 |       8 |   0.0 |   339
         Orc:1 |       0 |     321 |   0.0 |       0 |       7 |   0.0 |    68
               +---------+---------+-------+---------+---------+-------+---------
